TOP OF THE 1ST |
Oceanside Aviators batting - Pitching for Alloway Halberds : RHP Cole Johnson
|
Pitching: RHP Cole Johnson
|
|
Batting: SHB Joe Mueller
|
0-0: Called Strike 0-1: Foul Ball, location: 2F 0-2: Strikes out swinging
|
Batting: RHB Eric D'Angle
|
0-0: Swinging Strike 0-1: Called Strike 0-2: Ground out 4-3 (Groundball, 4)
|
Batting: RHB Tim Little
|
0-0: Ball 1-0: Fly out, F3 (Popup, 3DF)
|
Top of the 1st over - 0 run(s), 0 hit(s), 0 error(s), 0 left on base; Oceanside 0 - Alloway 0 |
BOTTOM OF THE 1ST |
Alloway Halberds batting - Pitching for Oceanside Aviators : RHP Connor Dale
|
Pitching: RHP Connor Dale
|
|
Batting: RHB Daniel Molina
|
0-0: Ball 1-0: Ball 2-0: Foul Ball, location: 2F 2-1: Fly out, F8 (Flyball, 8RD)
|
Batting: RHB Bill Stewart
|
0-0: Called Strike 0-1: Ball 1-1: Foul Ball, location: 2F 1-2: Ball 2-2: Strikes out swinging
|
Batting: RHB Jonathan Cundall
|
0-0: Foul Ball, location: 2F 0-1: Ball 1-1: Swinging Strike 1-2: Ball 2-2: Strikes out swinging
|
Bottom of the 1st over - 0 run(s), 0 hit(s), 0 error(s), 0 left on base; Oceanside 0 - Alloway 0 |
TOP OF THE 2ND |
Oceanside Aviators batting - Pitching for Alloway Halberds : RHP Cole Johnson
|
Batting: RHB Jacob Holt
|
0-0: Ball 1-0: Ball 2-0: Ball 3-0: Called Strike 3-1: Fly out, F9 (Flyball, 9D)
|
Batting: SHB Robbie Anderson
|
0-0: Ground out 6-3 (Groundball, 6)
|
Batting: LHB Robert Bond
|
0-0: Ball 1-0: Foul Ball, location: 2F 1-1: Swinging Strike 1-2: Fly out, F9 (Line Drive, 9D)
|
Top of the 2nd over - 0 run(s), 0 hit(s), 0 error(s), 0 left on base; Oceanside 0 - Alloway 0 |
BOTTOM OF THE 2ND |
Alloway Halberds batting - Pitching for Oceanside Aviators : RHP Connor Dale
|
Batting: LHB Francisco Rivas
|
0-0: Called Strike 0-1: Ground out 4-3 (Groundball, 4M)
|
Batting: RHB Juan Martínez
|
0-0: Called Strike 0-1: Ball 1-1: Called Strike 1-2: Ball 2-2: Ball 3-2: Ground out 6-3 (Groundball, 6)
|
Batting: RHB Maurice Wiebe
|
0-0: Foul Ball, location: 2F 0-1: Foul Ball, location: 2F 0-2: SINGLE (Line Drive, 3D)
|
Batting: RHB Mark Davis
|
0-0: Called Strike 0-1: Foul Ball, location: 2F 0-2: Ground out 6-3 (Groundball, 6)
|
Bottom of the 2nd over - 0 run(s), 1 hit(s), 0 error(s), 1 left on base; Oceanside 0 - Alloway 0 |
TOP OF THE 3RD |
Oceanside Aviators batting - Pitching for Alloway Halberds : RHP Cole Johnson
|
Batting: RHB Juan Torres
|
0-0: Called Strike 0-1: Ball 1-1: Ground out 2-3 (Groundball, 2R)
|
Batting: RHB Don Brown
|
0-0: Called Strike 0-1: Ball 1-1: Ball 2-1: Fly out, F6 (Popup, 4M)
|
Batting: RHB Ingo van Ham
|
0-0: Ball 1-0: Foul Ball, location: 2F 1-1: Swinging Strike 1-2: Ball 2-2: Ball 3-2: Base on Balls
|
Batting: SHB Joe Mueller
|
0-0: Ball 1-0: Ball 2-0: SINGLE (Line Drive, 78M) Ingo van Ham to second
|
Batting: RHB Eric D'Angle
|
0-0: Called Strike 0-1: Ball 1-1: Foul Ball, location: 2F 1-2: Ball 2-2: Strikes out swinging
|
Top of the 3rd over - 0 run(s), 1 hit(s), 0 error(s), 2 left on base; Oceanside 0 - Alloway 0 |
BOTTOM OF THE 3RD |
Alloway Halberds batting - Pitching for Oceanside Aviators : RHP Connor Dale
|
Batting: LHB Kenji Takahashi
|
0-0: Ball 1-0: Ball 2-0: Ball 3-0: Called Strike 3-1: Base on Balls
|
Batting: RHB Mike Davis
|
0-0: Ball 1-0: Called Strike 1-1: Ball Wild Pitch! Kenji Takahashi to second 2-1: Foul Ball, location: 2F 2-2: Ground out 5-3 (Groundball, 56S) Kenji Takahashi to third
|
Batting: RHB Daniel Molina
|
0-0: Ball 1-0: Ball 2-0: Ground out 6-3 (Groundball, 6) Kenji Takahashi scores
|
Batting: RHB Bill Stewart
|
0-0: Ball 1-0: Fly out, F7 (Flyball, 78S)
|
Bottom of the 3rd over - 1 run(s), 0 hit(s), 0 error(s), 0 left on base; Oceanside 0 - Alloway 1 |
TOP OF THE 4TH |
Oceanside Aviators batting - Pitching for Alloway Halberds : RHP Cole Johnson
|
Batting: RHB Tim Little
|
0-0: Swinging Strike 0-1: Swinging Strike 0-2: Foul Ball, location: 2F 0-2: SINGLE (Line Drive, 7LS)
|
Batting: RHB Jacob Holt
|
0-0: Called Strike 0-1: Called Strike 0-2: Foul Ball, location: 2F 0-2: Fly out, F7 (Flyball, 78S)
|
Batting: SHB Robbie Anderson
|
0-0: Ball 1-0: Called Strike 1-1: Ball 2-1: Fielders Choice at 2nd, 6-4 (Groundball, 6)
|
Batting: LHB Robert Bond
|
0-0: Ball 1-0: Called Strike 1-1: Swinging Strike 1-2: Ball 2-2: Ball Robbie Anderson is caught stealing 2nd base
|
Top of the 4th over - 0 run(s), 1 hit(s), 0 error(s), 0 left on base; Oceanside 0 - Alloway 1 |
BOTTOM OF THE 4TH |
Alloway Halberds batting - Pitching for Oceanside Aviators : RHP Connor Dale
|
Batting: RHB Jonathan Cundall
|
0-0: Called Strike 0-1: Ball 1-1: Ground out 4-3 (Groundball, 4)
|
Batting: LHB Francisco Rivas
|
0-0: Ball 1-0: Fly out, F7 (Flyball, 7M)
|
Batting: RHB Juan Martínez
|
0-0: Ball 1-0: Called Strike 1-1: Ball 2-1: Ball 3-1: Swinging Strike 3-2: Base on Balls
|
Batting: RHB Maurice Wiebe
|
0-0: Called Strike 0-1: Ball 1-1: Ball 2-1: Ball 3-1: Foul Ball, location: 2F 3-2: Ground out 6-3 (Groundball, 6M)
|
Bottom of the 4th over - 0 run(s), 0 hit(s), 0 error(s), 1 left on base; Oceanside 0 - Alloway 1 |
TOP OF THE 5TH |
Oceanside Aviators batting - Pitching for Alloway Halberds : RHP Cole Johnson
|
Batting: LHB Robert Bond
|
0-0: Called Strike 0-1: Foul Ball, location: 2F 0-2: Ball 1-2: Strikes out swinging
|
Batting: RHB Juan Torres
|
0-0: Ball 1-0: Ball 2-0: Foul Ball, location: 2F 2-1: Ball 3-1: Swinging Strike 3-2: Foul Ball, location: 2F 3-2: Strikes out swinging
|
Batting: RHB Don Brown
|
0-0: Ball 1-0: Ball 2-0: Called Strike 2-1: Ball 3-1: Called Strike 3-2: Foul Ball, location: 2F 3-2: Strikes out looking
|
Top of the 5th over - 0 run(s), 0 hit(s), 0 error(s), 0 left on base; Oceanside 0 - Alloway 1 |
BOTTOM OF THE 5TH |
Alloway Halberds batting - Pitching for Oceanside Aviators : RHP Connor Dale
|
Batting: RHB Mark Davis
|
0-0: Swinging Strike 0-1: Ball 1-1: Ball 2-1: Called Strike 2-2: Fly out, F9 (Flyball, 9D)
|
Batting: LHB Kenji Takahashi
|
0-0: Ball 1-0: Called Strike 1-1: Ball 2-1: Foul Ball, location: 2F 2-2: Ball 3-2: Ground out U3 (Groundball, 3)
|
Batting: RHB Mike Davis
|
0-0: Called Strike 0-1: Fly out, F6 (Line Drive, 6M)
|
Bottom of the 5th over - 0 run(s), 0 hit(s), 0 error(s), 0 left on base; Oceanside 0 - Alloway 1 |
TOP OF THE 6TH |
Oceanside Aviators batting - Pitching for Alloway Halberds : RHP Cole Johnson
|
Pitching: RHP Manuel Reyes
|
|
Batting: RHB Ingo van Ham
|
0-0: Ball 1-0: Swinging Strike 1-1: Swinging Strike 1-2: Ball 2-2: Strikes out swinging
|
Batting: SHB Joe Mueller
|
0-0: Called Strike 0-1: Called Strike 0-2: Ball 1-2: Ground out 6-3 (Groundball, 6M)
|
Batting: RHB Eric D'Angle
|
0-0: Called Strike 0-1: Swinging Strike 0-2: Ball 1-2: Ground out 6-3 (Groundball, 6M)
|
Top of the 6th over - 0 run(s), 0 hit(s), 0 error(s), 0 left on base; Oceanside 0 - Alloway 1 |
BOTTOM OF THE 6TH |
Alloway Halberds batting - Pitching for Oceanside Aviators : RHP Connor Dale
|
Batting: RHB Daniel Molina
|
0-0: Foul Ball, location: 2F 0-1: Ground out 4-3 (Groundball, 4)
|
Batting: RHB Bill Stewart
|
0-0: Foul Ball, location: 2F 0-1: Foul Ball, location: 2F 0-2: Fly out, F2 (Popup, 2RF)
|
Batting: RHB Jonathan Cundall
|
0-0: Ball 1-0: Foul Ball, location: 2F 1-1: Called Strike 1-2: Foul Ball, location: 2F 1-2: Ball 2-2: Foul Ball, location: 2F 2-2: Ground out 2-3 (Groundball, 2R)
|
Bottom of the 6th over - 0 run(s), 0 hit(s), 0 error(s), 0 left on base; Oceanside 0 - Alloway 1 |
TOP OF THE 7TH |
Oceanside Aviators batting - Pitching for Alloway Halberds : RHP Manuel Reyes
|
Batting: RHB Tim Little
|
0-0: Ball 1-0: Foul Ball, location: 2F 1-1: Ball 2-1: Swinging Strike 2-2: Strikes out swinging, 2-3 out at first.
|
Pitching: LHP Peyton Leach
|
|
Batting: RHB Jacob Holt
|
0-0: Foul Ball, location: 2F 0-1: Called Strike 0-2: Ball 1-2: Ball 2-2: Ball 3-2: Base on Balls
|
Pinch Hitting: RHB Bernardo Herrera
|
0-0: SINGLE (Line Drive, 8LS) Jacob Holt to second
|
Pinch Hitting: RHB Jason Shaffer
|
0-0: Ball 1-0: Ball 2-0: Ground out 5-3 (Groundball, 5S) Jacob Holt to third Bernardo Herrera to second
|
Pinch Hitting: SHB Michael Coleman
|
0-0: Ball 1-0: Foul Ball, location: 2F 1-1: Ball 2-1: Foul Ball, location: 2F 2-2: Ball 3-2: Foul Ball, location: 2F 3-2: Base on Balls
|
Batting: RHB Don Brown
|
0-0: Called Strike 0-1: Ball 1-1: SINGLE (Line Drive, 5D) Jacob Holt scores Bernardo Herrera to third Michael Coleman to second Runner from 3rd tries for Home, SAFE, no throw or cutoff
|
Batting: RHB Ingo van Ham
|
0-0: Swinging Strike 0-1: Ball 1-1: Foul Ball, location: 2F 1-2: Fly out, F7 (Flyball, 78M)
|
Top of the 7th over - 2 run(s), 2 hit(s), 0 error(s), 2 left on base; Oceanside 2 - Alloway 1 |
BOTTOM OF THE 7TH |
Alloway Halberds batting - Pitching for Oceanside Aviators : RHP Connor Dale
|
Now at 1B: Curt Bryant
|
|
Now in LF: Ted Cracknell
|
|
Now in RF: Michael Coleman
|
|
Batting: LHB Francisco Rivas
|
0-0: Ball 1-0: SINGLE (Groundball, 5D)
|
Pinch Hitting: LHB Luis Gutiérrez
|
0-0: SINGLE (Line Drive, 4MD) Francisco Rivas to second
|
Batting: RHB Maurice Wiebe
|
0-0: Bunted foul 0-1: Sac Bunt - play at first, batter OUT! 1-4 Francisco Rivas to third Luis Gutiérrez to second
|
Batting: RHB Mark Davis
|
0-0: Ball 1-0: Ground out 3-1 (Groundball, 23)
|
Batting: LHB Kenji Takahashi
|
0-0: Foul Ball, location: 2F 0-1: Foul Ball, location: 2F 0-2: Ball 1-2: Fly out, F7 (Flyball, 7M)
|
Bottom of the 7th over - 0 run(s), 2 hit(s), 0 error(s), 2 left on base; Oceanside 2 - Alloway 1 |
TOP OF THE 8TH |
Oceanside Aviators batting - Pitching for Alloway Halberds : LHP Peyton Leach
|
Now at 3B: Luis Gutiérrez
|
|
Batting: SHB Joe Mueller
|
0-0: Called Strike 0-1: Ball 1-1: Ball 2-1: Foul Ball, location: 2F 2-2: Ball 3-2: Base on Balls
|
Batting: RHB Eric D'Angle
|
0-0: Ball 1-0: Sac Bunt - play at first, batter OUT! 1-4 Joe Mueller to second
|
Batting: RHB Tim Little
|
0-0: Foul Ball, location: 2F 0-1: Ground out 6-3 (Groundball, 6)
|
Batting: RHB Jacob Holt
|
0-0: Ball 1-0: SINGLE (Groundball, 6M) Joe Mueller to third Runner from 3rd tries for Home, SAFE, throw made home
|
Pitching: RHP Darwin von Loen
|
|
Batting: SHB Curt Bryant
|
0-0: Foul Ball, location: 2F 0-1: Called Strike 0-2: Foul Ball, location: 2F 0-2: Foul Ball, location: 2F 0-2: Fly out, F5 (Popup, 5F)
|
Top of the 8th over - 1 run(s), 1 hit(s), 0 error(s), 1 left on base; Oceanside 3 - Alloway 1 |
BOTTOM OF THE 8TH |
Alloway Halberds batting - Pitching for Oceanside Aviators : RHP Connor Dale
|
Batting: RHB Mike Davis
|
0-0: Ball 1-0: Ball 2-0: Swinging Strike 2-1: Ground out 6-3 (Groundball, 6)
|
Batting: RHB Daniel Molina
|
0-0: Ground out 6-3 (Groundball, 6M)
|
Batting: RHB Bill Stewart
|
0-0: Swinging Strike 0-1: Foul Ball, location: 2F 0-2: Ball 1-2: Ground out 4-3 (Groundball, 4M)
|
Bottom of the 8th over - 0 run(s), 0 hit(s), 0 error(s), 0 left on base; Oceanside 3 - Alloway 1 |
TOP OF THE 9TH |
Oceanside Aviators batting - Pitching for Alloway Halberds : RHP Darwin von Loen
|
Pitching: RHP Jim Unknown
|
|
Batting: LHB Ted Cracknell
|
0-0: Foul Ball, location: 2F 0-1: Foul Ball, location: 2F 0-2: Strikes out swinging
|
Batting: SHB Michael Coleman
|
0-0: Swinging Strike 0-1: Foul Ball, location: 2F 0-2: SOLO HOME RUN (Flyball, 8RXD), Distance : 442 ft
|
Batting: RHB Don Brown
|
0-0: Called Strike 0-1: Foul Ball, location: 2F 0-2: Ground out 5-3 (Groundball, 56S)
|
Batting: RHB Ingo van Ham
|
0-0: Called Strike 0-1: Ground out 5-3 (Groundball, 56)
|
Top of the 9th over - 1 run(s), 1 hit(s), 0 error(s), 0 left on base; Oceanside 4 - Alloway 1 |
BOTTOM OF THE 9TH |
Alloway Halberds batting - Pitching for Oceanside Aviators : RHP Connor Dale
|
Pitching: LHP Jim Unknown
|
|
Batting: RHB Jonathan Cundall
|
0-0: Ball 1-0: Foul Ball, location: 2F 1-1: Ball 2-1: Ground out 6-3 (Groundball, 6)
|
Batting: LHB Francisco Rivas
|
0-0: Ball 1-0: Called Strike 1-1: Ball 2-1: SOLO HOME RUN (Flyball, 9LD), Distance : 346 ft
|
Batting: LHB Luis Gutiérrez
|
0-0: Foul Ball, location: 2F 0-1: Foul Ball, location: 2F 0-2: Strikes out swinging
|
Batting: RHB Maurice Wiebe
|
0-0: Fly out, F4 (Popup, 4D)
|
Bottom of the 9th over - 1 run(s), 1 hit(s), 0 error(s), 0 left on base; Oceanside 4 - Alloway 2 |
|